 Dungeon Crawl Stone Soup version 0.31.0-11-ge490571c62 (webtiles) character file.

Game seed: 12770680981044080391

91361 snarfax the Severer (level 15, -2/146 HPs)
             Began as a Minotaur Fighter on Jan 31, 2024.
             Was the Champion of Elyvilon.
             Slain by an acid blob (31 damage)
             ... on level 2 of the Pits of Slime.
             The game lasted 01:01:05 (23755 turns).

snarfax the Severer (Minotaur Fighter)             Turns: 23755, Time: 01:01:05

Health: -2/146     AC: 14    Str: 33    XL:     15   Next: 54%
Magic:  4/14       EV: 15    Int:  4    God:    Elyvilon [******]
Gold:   849        SH:  0    Dex: 14    Spells: 14/14 levels left

rFire   + + +        U - +2 broad axe (heavy)
rCold   . . .        Y - +0 kite shield {rF+}
rNeg    . . .        i - +0 plate armour
rPois   .            R - +2 hat
rElec   .            r - +2 cloak
rCorr   +            u - +1 pair of gloves
SInv    +            v - +0 pair of boots
Will    +....        M - amulet of reflection Stlth
                     F - ring "Daroloasm" {+Blink rF+ rCorr AC+4 Stlth-}
HPRegen 0.44/turn    X - ring of Tender Moments {rF+ Str+6 SInv}
MPRegen 0.14/turn

%: reflection
@: confused, mighty, corroded, hasted, very quick
A: horns 2, retaliatory headbutt, agile 1, deterioration 1, screaming 1,
inability to drink after injury 1, sturdy frame 1
a: Renounce Religion, Evoke Blink, Purification, Heal Other, Heal Self, Divine
Vigour


You were on level 2 of the Pits of Slime.
You worshipped Elyvilon.
Elyvilon was exalted by your worship.
You visited 5 branches of the dungeon, and saw 25 of its levels.
You also visited: Ossuary and Volcano.

You collected 1828 gold pieces.
You spent 979 gold pieces at shops.

Inventory:

Hand Weapons
 a - a +2 broad axe of flaming
 G - a +0 broad axe
 U - a +2 heavy broad axe (weapon)
Missiles
 e - 3 silver javelins
 w - 48 poisoned darts (quivered)
 H - 4 curare-tipped darts
 K - 7 atropa-tipped darts
Armour
 i - a +0 plate armour (worn)
 p - the +3 ring mail "Juabb" {-Tele Regen+ Slay+2}
   (You found it on level 4 of the Dungeon)

   Slay+2:    It affects your accuracy & damage with ranged weapons and melee
   (+2).
   -Tele:     It prevents most forms of teleportation.
   Regen+:    It increases your rate of health regeneration.
 r - a +2 cloak (worn)
 u - a +1 pair of gloves (worn)
 v - a +0 pair of boots (worn)
 R - a +2 hat (worn)
 Y - a +0 kite shield of fire resistance (worn)
Jewellery
 c - a ring of poison resistance
 o - a ring of positive energy
 F - the ring "Daroloasm" (left hand) {+Blink rF+ rCorr AC+4 Stlth-}
   (You bought it in a shop on level 15 of the Dungeon)

   [ring of protection]

   AC+4:      It affects your AC (+4).
   rF+:       It protects you from fire.
   +Blink:    It lets you blink.
   rCorr:     It protects you from acid and corrosion.
   Stlth-:    It makes you less stealthy.
 J - a ring of resist corrosion
 M - an amulet of reflection (around neck)
 O - a ring of magical power
 Q - a ring of protection from cold
 X - the ring of Tender Moments (right hand) {rF+ Str+6 SInv}
   (You found it on level 4 of the Lair of Beasts)

   [ring of strength]

   Str+6:     It affects your strength (+6).
   rF+:       It protects you from fire.
   SInv:      It lets you see invisible.
 Z - a ring of magical power
Wands
 h - a wand of paralysis (28)
 s - a wand of flame (38)
 I - a wand of roots (9)
 S - a wand of polymorph (10)
 V - a wand of digging (7)
Scrolls
 f - 2 scrolls of fog
 k - 16 scrolls of teleportation
 t - 6 scrolls of poison
 y - 4 scrolls of amnesia
 A - 2 scrolls of blinking
 B - 3 scrolls of immolation
 D - a scroll of fear
 E - a scroll of noise
 W - a scroll of revelation
Potions
 b - a potion of cancellation {unknown}
 d - 5 potions of might
 g - a potion of mutation {unknown}
 j - 3 potions of resistance
 l - 4 potions of lignification
 m - 2 potions of haste
 n - 6 potions of curing
 q - 3 potions of heal wounds
 x - 6 potions of magic
 z - 6 potions of invisibility
 C - 2 potions of berserk rage
 L - 4 potions of brilliance
 T - 2 potions of enlightenment
Miscellaneous
 N - a phial of floods
 P - a lightning rod (4/4)


   Skills:
 + Level 16.8 Fighting
 - Level 18.0 Axes
 + Level 14.3 Armour
 + Level 15.0 Dodging
 - Level 10.0 Shields


You had 14 spell levels left.
You didn't know any spells.
Your spell library contained the following spells:

 Spells                   Type           Power      Damage    Failure   Level
 Sandblast                Erth           0%         2d4       97%         1
 Shock                    Conj/Air       0%         1d3       97%         1
 Slow                     Hex            0%         N/A       97%         1
 Call Imp                 Summ           0%         N/A       99%         2
 Cigotuvi's Dreadful Rot  Necr/Alch/Air  0%         N/A       99%         2
 Ensorcelled Hibernation  Hex/Ice        0%         N/A       99%         2
 Scorch                   Fire           0%         2d5       99%         2
 Sublimation of Blood     Necr           0%         N/A       99%         2
 Call Canine Familiar     Summ           0%         N/A       100%        3
 Confusing Touch          Hex            0%         N/A       100%        3
 Dazzling Flash           Conj/Hex       0%         N/A       100%        3
 Fugue of the Fallen      Necr           0%         N/A       100%        3
 Inner Flame              Hex/Fire       0%         N/A       100%        3
 Ozocubu's Armour         Ice            0%         N/A       100%        3
 Passwall                 Erth           0%         N/A       100%        3
 Sigil of Binding         Hex            0%         N/A       100%        3
 Stone Arrow              Conj/Erth      0%         3d7       100%        3
 Swiftness                Air            0%         N/A       100%        3
 Vampiric Draining        Necr           0%         2d6       100%        3
 Volatile Blastmotes      Fire/Tloc      0%         2d10      100%        3
 Airstrike                Air            0%         2d(0-16)  100%        4
 Brom's Barrelling Bould  Conj/Erth      0%         2d3       100%        4
 Dimensional Bullseye     Hex/Tloc       0%         N/A       100%        4
 Dispel Undead            Necr           0%         3d6       100%        4
 Leda's Liquefaction      Alch/Erth      0%         N/A       100%        4
 Manifold Assault         Tloc           0%         N/A       100%        4
 Martyr's Knell           Necr/Summ      0%         N/A       100%        4
 Olgreb's Toxic Radiance  Alch           0%         N/A       100%        4
 Fireball                 Conj/Fire      0%         3d3       100%        5
 Irradiate                Conj/Alch      0%         3d11      100%        5
 Lee's Rapid Deconstruct  Erth           0%         3d4*      100%        5
 Summon Mana Viper        Hex/Summ       0%         N/A       100%        5
 Bombard                  Conj/Erth      0%         9d1       100%        6
 Death Channel            Necr           0%         N/A       100%        6
 Starburst                Conj/Fire      0%         6d3       100%        6
 Ozocubu's Refrigeration  Ice            0%         4d7       100%        7
 Summon Hydra             Summ           0%         N/A       100%        7
 Discord                  Hex            0%         N/A       100%        8
 Ignition                 Fire           0%         3d3       100%        8
 Maxwell's Capacitive Co  Air            0%         ∞         100%        8
 Chain Lightning          Conj/Air       0%         N/A       100%        9
 Fire Storm               Conj/Fire      0%         5d1       100%        9
 Shatter                  Erth           0%         3d5*      100%        9


Dungeon Overview and Level Annotations

Branches:
Dungeon (15/15)            Temple (1/1) D:7            Lair (5/5) D:10
  Swamp (0/4) Lair:3       Spider (0/4) Lair:3        Slime (3/5) Lair:4
    Orc (1/2) D:11         Vaults (0/5) D:13         Depths (0/4) D:15
Ossuary (visited)         Volcano (visited)

Altars:
Ashenzari
Cheibriados
Dithmenos
Elyvilon
Fedhas
Gozag
Hepliaklqana
Kikubaaqudgha
Makhleb
Nemelex Xobeh
Okawaru
Qazlal
Ru
Sif Muna
Trog
Uskayaw
Vehumet
Wu Jian
Xom
Yredelemnul
Zin
The Shining One

Shops:
D:4 =   D:15 =

Annotations:
D:12 2 runed translucent doors
Lair:3 3 runed translucent doors, ProzacElf's ghost, journeyman TrHW


Innate Abilities, Weirdness & Mutations

You have a pair of horns on your head.
You reflexively headbutt those who attack you in melee.
You are agile. (Dex +4, Str/Int -1)
Your body sometimes deteriorates upon taking damage.
You occasionally shout uncontrollably at your foes.
You occasionally lose the ability to drink potions when taking damage.
Your movements are slightly less encumbered by armour. (ER -2)


Message History

The acid blob hits you!
* * * LOW HITPOINT WARNING * * *
You are splashed with acid.
You resist.
* * * LOW HITPOINT WARNING * * *
The golden eye blinks at you.
You are more confused.
You feel yourself speed up. The slime creature hits you!
* * * LOW HITPOINT WARNING * * *
The acid blob spits acid at you. The splash of acid hits you. You resist.
* * * LOW HITPOINT WARNING * * *
You feel purified! You block the slime creature's attack.
The acid blob hits you.
* * * LOW HITPOINT WARNING * * *
The acid corrodes you!
You are splashed with acid.
You resist. Elyvilon protects you from harm! The golden eye blinks at you.
You are confused.
Okay, then.
You feel much better.
The slime creature hits you but does no damage.
The acid blob hits you!
* * * LOW HITPOINT WARNING * * *
The acid corrodes you!
You are splashed with acid.
You resist.
* * * LOW HITPOINT WARNING * * *
You feel much better. The acid blob spits acid at you.
The splash of acid hits you. You resist.
* * * LOW HITPOINT WARNING * * *
The golden eye blinks at you. You resist with almost no effort.
You slice the slime creature like a ripe choko!!!
You headbutt the slime creature.
You kill the slime creature!
You slice the golden eye!!
You kill the golden eye!
You slash the acid blob!
Your hands burn!
* * * LOW HITPOINT WARNING * * *
The acid blob hits you!!
You die...

##...................###
##...................##
#....<..........#...##
##...........#.###.##
##........>...##..###
#..................##
.........>..........#
#.##.....J..........# ##
#.....@.........##
##..###.#.##...## ###
##### ####


You could see an acid blob.

Vanquished Creatures
  Dissolution (Slime:1)
  An acid blob (Slime:2)
  Gastronok (Lair:1)
  2 rockslimes
  Nessos (D:14)
  A quicksilver dragon zombie (D:15)
  An entropy weaver (shapeshifter) (D:15)
  3 hydras
  A rakshasa (D:14)
  2 great orbs of eyes (Slime:1)
  6 centaur warriors
  A death knight (D:14)
  5 two-headed ogres
  Erica (D:8)
  4 boulder beetles
  A merfolk avatar (Lair:5)
  A tengu warrior (D:15)
  A hell hog (Volcano)
  A storm dragon zombie (D:15)
  2 skysharks (Lair:5)
  A storm dragon skeleton (D:15)
  3 skeletal warriors
  A flayed ghost (D:15)
  A sea snake (Lair:5)
  5 deep elf pyromancers
  A lindwurm (Volcano)
  4 orc knights
  A harpy (Lair:5)
  A necromancer (D:15)
  2 deep elf zephyrmancers (D:13)
  4 cyclopes
  An oklob plant (Lair:3)
  3 shining eyes
  14 ugly things
  5 manticores
  Maurice (D:8)
  5 black mambas
  Joseph (D:8)
  A torpor snail (Lair:5)
  4 centaur skeletons (D:13)
  2 molten gargoyles (Volcano)
  8 cane toads
  A gargoyle (D:12)
  Maggie (D:10)
  A rime drake (Lair:5)
  6 yaktaurs
  3 kobold demonologists
  Psyche (D:9)
  14 komodo dragons
  5 trolls
  2 hornets
  3 wind drakes
  A blink frog (shapeshifter) (D:14)
  3 polar bears
  A snapping turtle (Lair:5)
  7 blink frogs
  A glass eye (Slime:2)
  Sigmund (D:3)
  3 culicivoras (Lair:3)
  26 slime creatures
  A shadow (D:9)
  4 wyverns
  2 water elementals (D:13)
  Eustachio (D:5)
  4 basilisks
  9 fire bats
  A vampire (D:14)
  37 yaks
  4 wraiths
  A golden eye (Slime:2)
  2 wargs
  3 steam dragons
  14 water moccasins
  An acid dragon (D:8)
  2 hell hounds (Volcano)
  9 orc warriors
  2 laughing skulls (D:15)
  5 black bears
  2 ice beasts (D:6)
  A sky beast (D:7)
  4 boggarts (D:14)
  2 ogres
  19 centaurs
  22 wolves
  10 kobold brigands
  4 scorpions
  6 bullfrogs
  A gnoll sergeant (D:9)
  5 wights (D:7)
  6 howler monkeys
  3 electric eels (D:13)
  5 lava snakes (Volcano)
  2 centaur zombies (Ossuary)
  4 human zombies (Ossuary)
  2 hounds
  10 orc priests
  A jelly (D:5)
  A gnoll bouda (D:9)
  A sleepcap (D:4)
  14 iguanas
  Ijyb (D:3)
  Terence (D:3)
  12 orc wizards
  5 hell rats (Lair:1)
  5 hound zombies (Ossuary)
  3 mummies
  9 gnolls (D:9)
  7 adders
  A white imp (D:6)
  6 ufetubi
  5 adder zombies (Ossuary)
  2 ribbon worms
  2 dart slugs (D:4)
  55 orcs
  6 bats
  5 endoplasms
  4 giant cockroaches
  10 hobgoblins
  26 kobolds
  3 quokkas
  5 ball pythons
  7 frilled lizards
  5 gnoll zombies (Ossuary)
  6 goblins
  2 hobgoblin zombies (D:5)
  4 jackal zombies (Ossuary)
  6 kobold zombies
  8 orc zombies
  10 rats
634 creatures vanquished.

Vanquished Creatures (others)
  A deep elf knight (D:13)
  A golden eye (Slime:3)
2 creatures vanquished.

Grand Total: 636 creatures vanquished

Notes
Turn   | Place    | Note
-------+----------+-------------------------------------------
     0 | D:1      | snarfax the Minotaur Fighter began the quest for the Orb.
     0 | D:1      | Reached XP level 1. HP: 19/19 MP: 0/0
   207 | D:1      | Reached skill level 3 in Axes
   240 | D:1      | Reached XP level 2. HP: 25/26 MP: 1/1
   975 | D:1      | Reached XP level 3. HP: 31/31 MP: 2/2
  1274 | D:2      | Found a basalt altar of Yredelemnul.
  1326 | D:2      | Reached skill level 4 in Axes
  1767 | D:2      | Reached XP level 4. HP: 39/39 MP: 3/3
  2234 | D:3      | Reached skill level 5 in Axes
  2421 | D:3      | Noticed Sigmund
  2435 | D:3      | Killed Sigmund
  2436 | D:3      | Reached skill level 6 in Axes
  2436 | D:3      | Reached skill level 5 in Shields
  2436 | D:3      | Reached XP level 5. HP: 32/45 MP: 4/4
  2436 | D:3      | Reached XP level 6. HP: 36/51 MP: 5/5
  2498 | D:3      | Noticed Ijyb
  2503 | D:3      | Paralysed by Ijyb for 4 turns
  2515 | D:3      | Killed Ijyb
  2516 | D:3      | Reached skill level 7 in Axes
  2844 | D:3      | Noticed Terence
  2851 | D:3      | Killed Terence
  3350 | D:4      | Found Fasason's Jewellery Boutique.
  3358 | D:4      | Identified the +3 ring mail "Juabb" {-Tele Regen+ Slay+2}
  3437 | D:4      | Reached skill level 8 in Axes
  3891 | D:5      | Entered Level 5 of the Dungeon
  3907 | D:5      | Noticed Eustachio
  3931 | D:5      | Reached XP level 7. HP: 49/57 MP: 6/6
  3931 | D:5      | Killed Eustachio
  3932 | D:5      | Reached skill level 9 in Axes
  4227 | D:5      | Reached skill level 10 in Axes
  4369 | D:5      | Found a hide-covered altar of Uskayaw.
  4488 | D:6      | Found a snail-covered altar of Cheibriados.
  4507 | D:5      | Reached XP level 8. HP: 64/64 MP: 7/7
  4614 | D:6      | Reached skill level 11 in Axes
  4745 | D:6      | Reached skill level 12 in Axes
  4870 | D:6      | Found a shimmering altar of Xom.
  4887 | D:6      | Reached skill level 13 in Axes
  5250 | D:7      | Found a staircase to the Ecumenical Temple.
  5268 | Temple   | Entered the Ecumenical Temple
  5286 | Temple   | Became a worshipper of Elyvilon the Healer
  5361 | D:7      | Reached XP level 9. HP: 69/70 MP: 8/8
  5385 | D:7      | Found a sand-covered staircase.
  5394 | Ossuary  | Entered an ossuary
  5506 | Ossuary  | Reached skill level 14 in Axes
  5779 | D:7      | Reached skill level 15 in Axes
  5817 | D:7      | Found a blossoming altar of Fedhas.
  6118 | D:8      | Noticed Erica
  6134 | D:8      | Killed Erica
  6135 | D:8      | Reached skill level 16 in Axes
  6158 | D:8      | Reached * piety under Elyvilon
  6427 | D:8      | Got the Spellbook of the Blazing Curse
  6456 | D:8      | Reached XP level 10. HP: 27/77 MP: 9/9
  6554 | D:8      | Noticed Maurice
  6554 | D:8      | Paralysed by Maurice for 5 turns
  6562 | D:8      | Paralysed by Maurice for 4 turns
  6582 | D:8      | Something stole a ring of positive energy
  6584 | D:8      | Something stole a +1 scimitar of flaming
  6588 | D:8      | Something stole 150 gold
  6590 | D:8      | Something stole 170 gold
  6599 | D:8      | Something stole 67 gold
  6615 | D:8      | Something stole 219 gold
  6620 | D:8      | Paralysed by something for 5 turns
  6659 | D:8      | Killed Maurice
  6660 | D:8      | Reached skill level 17 in Axes
  7037 | D:8      | Found the +7 Throatcutter {drain, coup de grace}
  7047 | D:8      | Noticed an orange demon
  7051 | D:8      | Noticed a rust devil
  7051 | D:8      | Gained mutation: You are agile. (Dex +4, Str/Int -1) [a
                  | neqoxec]
  7070 | D:8      | Reached skill level 18 in Axes
  7094 | D:8      | Noticed Joseph
  7104 | D:8      | Killed Joseph
  7105 | D:8      | Reached skill level 1 in Dodging
  7204 | D:8      | Found an ornate altar of the Wu Jian Council.
  7204 | D:8      | Found a radiant altar of Vehumet.
  7207 | D:8      | Reached ** piety under Elyvilon
  7420 | D:9      | Identified the +0 ring mail "Duawn" {+Blink Int+7 Dex-5
                  | Slay-5}
  7446 | D:9      | Found a shadowy altar of Dithmenos.
  7482 | D:9      | Found a burning altar of Makhleb.
  7510 | D:9      | Noticed a two-headed ogre
  7517 | D:9      | Killed a two-headed ogre
  7518 | D:9      | Reached skill level 5 in Fighting
  7518 | D:9      | Reached skill level 5 in Armour
  7681 | D:9      | Noticed Psyche
  7694 | D:9      | Killed Psyche
  7979 | D:9      | Noticed a two-headed ogre
  7989 | D:9      | Killed a two-headed ogre
  7990 | D:9      | Reached XP level 11. HP: 16/89 MP: 10/10
  8111 | D:10     | Entered Level 10 of the Dungeon
  8191 | D:10     | Found a broken altar of Ashenzari.
  8216 | D:10     | Reached *** piety under Elyvilon
  8219 | D:10     | Noticed a two-headed ogre
  8228 | D:10     | Killed a two-headed ogre
  8246 | D:10     | Found a sacrificial altar of Ru.
  8327 | D:10     | Noticed Maggie
  8336 | D:10     | Killed Maggie
  8469 | D:10     | Found a stormy altar of Qazlal.
  8691 | D:10     | Found a staircase to the Lair.
  8699 | D:10     | Reached skill level 5 in Dodging
  8898 | Lair:1   | Entered Level 1 of the Lair of Beasts
  9203 | Lair:1   | Noticed Gastronok
  9216 | Lair:1   | Killed Gastronok
  9368 | Lair:1   | Reached **** piety under Elyvilon
 10676 | Lair:3   | Noticed ProzacElf's ghost (journeyman TrHW)
 10676 | Lair:3   | Noticed a death yak
 10676 | Lair:3   | Found a runed translucent gate.
 10676 | Lair:3   | Found a runed translucent gate.
 10676 | Lair:3   | Found a runed translucent gate.
 10713 | Lair:3   | Reached XP level 12. HP: 75/104 MP: 11/11
 10772 | Lair:3   | Noticed a seven-headed hydra
 10865 | Lair:2   | Killed a four-headed hydra
 11180 | Lair:3   | Found a hole to the Spider Nest.
 11217 | Lair:3   | HP: 5/106 [culicivora (5)]
 11224 | Lair:3   | Reached skill level 10 in Fighting
 11333 | Lair:3   | Reached skill level 10 in Armour
 11909 | Lair:3   | Found a staircase to the Swamp.
 12143 | Lair:4   | Found a staircase to the Slime Pits.
 12495 | Lair:4   | Reached ***** piety under Elyvilon
 12670 | Lair:4   | Identified the ring of Tender Moments {rF+ Str+6 SInv}
 12801 | Slime:1  | Entered Level 1 of the Pits of Slime
 12806 | Slime:1  | Noticed a great orb of eyes
 12814 | Lair:4   | Gained mutation: You occasionally shout uncontrollably at
                  | your foes. [a shining eye]
 12834 | Slime:1  | Noticed a rockslime
 12836 | Slime:1  | Killed a great orb of eyes
 12837 | Slime:1  | Noticed a rockslime
 12870 | Lair:4   | HP: 1/110 [slime creature (13)]
 12871 | Lair:4   | Killed a rockslime
 12981 | Slime:1  | Killed a rockslime
 12982 | Slime:1  | Reached skill level 10 in Dodging
 13144 | Slime:2  | Noticed a great orb of eyes
 13153 | Slime:1  | Killed a great orb of eyes
 13154 | Slime:1  | Reached XP level 13. HP: 89/117 MP: 12/12
 13233 | Slime:1  | Gained mutation: Your movements are slightly less
                  | encumbered by armour. (ER -2) [a shining eye]
 13235 | Slime:1  | Gained mutation: You occasionally lose the ability to drink
                  | potions when taking damage. [a shining eye]
 13306 | Slime:2  | You fall into a shaft and drop 1 floor!
 13306 | Slime:3  | Noticed an acid blob
 13316 | Slime:2  | Killed an acid blob
 13593 | Lair:5   | Entered Level 5 of the Lair of Beasts
 15039 | Lair:5   | Paralysed by a hornet for 3 turns
 15658 | Lair:5   | Found the +8 trident of the Octopus King {venom, rElec
                  | rPois}
 16640 | Slime:2  | Gained mutation: Your body sometimes deteriorates upon
                  | taking damage. [a shining eye]
 16817 | Slime:3  | Noticed Dissolution
 17326 | D:11     | Found a staircase to the Orcish Mines.
 17438 | D:11     | Reached XP level 14. HP: 93/133 MP: 13/13
 18679 | D:12     | Found a runed translucent door.
 19095 | D:12     | Found a runed translucent door.
 19730 | D:13     | Reached skill level 15 in Fighting
 20074 | D:13     | Found a gate to the Vaults.
 20295 | D:13     | Reached ****** piety under Elyvilon
 21199 | D:14     | Identified the staff of Absolution {rElec rF+ Stlth+ Fire}
 21532 | D:14     | Noticed Nessos
 21538 | D:14     | Killed Nessos
 21669 | D:14     | Identified the +5 scale mail of the Kappa {rF+ Will++}
 21697 | D:15     | Entered Level 15 of the Dungeon
 21980 | D:15     | Reached XP level 15. HP: 73/143 MP: 14/14
 22278 | D:15     | Reached skill level 10 in Shields
 22302 | D:15     | Found a staircase to the Depths.
 22468 | D:15     | Found Boimov's Jewellery Shoppe.
 22549 | D:15     | Bought the ring "Daroloasm" {+Blink rF+ rCorr AC+4 Stlth-}
                  | for 979 gold pieces
 23053 | Orc:1    | Entered Level 1 of the Orcish Mines
 23077 | Orc:1    | Found a dark tunnel.
 23087 | Volcano  | Entered a volcano
 23339 | Volcano  | Found a radiant altar of Vehumet.
 23708 | Slime:1  | Killed Dissolution
 23709 | Slime:1  | Reached skill level 15 in Dodging
 23733 | Slime:3  | Noticed an acid blob
 23751 | Slime:2  | HP: 6/146 [acid blob/splash of acid (6)]
 23752 | Slime:2  | Elyvilon protects you from harm!
 23755 | Slime:2  | Slain by an acid blob

Illustrated notes

Levels and vault maps discovered:
D:1:      dpeg_arrival_subterranean_lakeside_camping, layout_basic
D:2:      layout_loops_ring, basic_altar, minmay_statues_item
D:3:      layout_basic, uniq_ijyb, uniq_sigmund, uniq_terence
D:4:      layout_basic, serial_forest, infiniplex_forest_lined_2,
          infiniplex_forest_clump_diagonal, infiniplex_forest_straight_2,
          infiniplex_forest_clump_diagonal, infiniplex_forest_clump_diagonal,
          infiniplex_forest_clump_cross, infiniplex_forest_straight_5,
          minmay_shop_enchanted_jewellery
D:5:      layout_rooms, kennysheep_mini, reono_crystal_passage,
          minmay_mini_ossuary, uniq_eustachio
D:6:      layout_cave_pools, lemuel_round_altar, amcnicky_altar_gilded,
          small_statue_intersection, minivault_26
D:7:      layout_rooms, lemuel_crystal_altar, minmay_temple_entry_tees,
          chequers_ossuary_entry_cave
D:8:      layout_loops_corners, minitemple, dilly_guarded_unrand_throatcut,
          uniq_maurice, uniq_erica, uniq_joseph
D:9:      layout_irregular_city, lemuel_crystal_altar,
          grunt_dithmenos_smoke_and_mirrors, grunt_ministairs_14, uniq_psyche
D:10:     layout_gridville, mainiacjoe_overflow_tiny_flanked,
          evilmike_ruin_ashenzari, mainiacjoe_overflow_small_starburst,
          erik_lair_orcish_takeover, uniq_maggie
D:11:     layout_roguey, david_orc_2
D:12:     cheibrodos_histonic, layout_irregular_city,
          hangedman_abyss_or_decor_lesser_grid
D:13:     layout_basic, hangedman_vaults_entry_quadrant_bands
D:14:     layout_gridville, minmay_misc_feat_cross, uniq_nessos
D:15:     gammafunk_depths_entry_grave, layout_basic, serial_shops, shop,
          dk_noncrumbling_3
Temple:   chequers_temple_sunken
Lair:1:   layout_loops_ring, chequers_serial_rivers_micro_b, uniq_gastronok
Lair:2:   layout_loops_ring
Lair:3:   beast_lair_carwin_large_4, layout_cellular_growth, swamp_mist,
          hellmonk_spider_entry_life_and_decay, gammafunk_ghost_split
Lair:4:   layout_regular_city, dpeg_slime_entry_enclosed
Lair:5:   gammafunk_lair_ancient_temple, layout_cave_pods, grunt_megastairs_3
Slime:1:  layout_caves
Slime:2:  layout_caves
Slime:3:  layout_caves, dissolution_awaits
Orc:1:    layout_caves, nicolae_volcano_entry_batcave

Skill      XL: |  1  2  3  4  5  6  7  8  9 10 11 12 13 14 15 |
---------------+----------------------------------------------+-----
Axes           | 3 4 6 8 10 13 16 18 | 18.0
Shields        | 4 5 6 9 10 | 10.0
Fighting       | 6 9 11 14 15 16 | 16.8
Armour         | 6 9 11 12 13 14 | 14.3
Dodging        | 4 7 10 12 14 15 | 15.0

Action                     |  1- 3 |  4- 6 |  7- 9 | 10-12 | 13-15 || total
---------------------------+-------+-------+-------+-------+-------++-------
  Melee: War axe           |   105 |   101 |   259 |   366 |       ||   831
         Headbutt          |    12 |    15 |    47 |   169 |   185 ||   428
         Broad axe         |       |       |       |    81 |   746 ||   827
         Scimitar          |       |       |       |   182 |     9 ||   191
  Throw: Javelin           |       |     6 |       |       |       ||     6
         Dart              |       |       |     6 |    15 |    13 ||    34
 Invoke: Heal Self         |       |       |       |    15 |     5 ||    20
         Purification      |       |       |       |       |     6 ||     6
    Use: Scroll            |       |     5 |     6 |     8 |    11 ||    30
         Potion            |       |       |     3 |     9 |     7 ||    19
 Armour: Scale mail        |    87 |    39 |       |    11 |   268 ||   405
         Ring mail         |       |    26 |   180 |   505 |       ||   711
         Leather armour    |       |    13 |       |       |       ||    13
         Plate armour      |       |       |       |       |   264 ||   264
  Dodge: Dodged            |    48 |    44 |   111 |   386 |   327 ||   916
  Block: Buckler           |    28 |    22 |    56 |   161 |    49 ||   316
         Kite shield       |       |       |       |       |   461 ||   461
         Reflection        |       |       |       |       |    56 ||    56
